NCAA
MISSOURI TIGERS @ STANFORD CARDINAL
04/27/2024
 
TOP OF THE 1ST
Missouri Tigers batting - Pitching for Stanford Cardinal : RHP Daniel Carter
Pitching: RHP Daniel Carter
Batting: LHB Neil Rodríguez 0-0: Ball
1-0: Foul Ball, location: 2F
1-1: Foul Ball, location: 2F
1-2: Foul Ball, location: 2F
1-2: Fly out, F9 (Flyball, 9S)
Batting: LHB Jim Wallace 0-0: Ball
1-0: Ball
2-0: Called Strike
2-1: SINGLE (Line Drive, 56D)
Batting: RHB José González 0-0: Called Strike
0-1: Ball
1-1: Ball
2-1: Swinging Strike
2-2: Strikes out swinging
Batting: RHB George Mitchell 0-0: Ball
Error on foul ball, E9
1-1: Swinging Strike
1-2: Strikes out swinging
Top of the 1st over - 0 run(s), 1 hit(s), 1 error(s), 1 left on base; Missouri 0 - Stanford 0
BOTTOM OF THE 1ST
Stanford Cardinal batting - Pitching for Missouri Tigers : RHP Bernie Ryan
Pitching: RHP Bernie Ryan
Batting: SHB Dave Henley 0-0: Fly out, F8 (Flyball, 89D)
Batting: LHB Alberto Roberts 0-0: TRIPLE (Line Drive, 8RM)
Batting: RHB Fernando Vargas 0-0: Called Strike
0-1: SINGLE (Flyball, 8LS)
Alberto Roberts scores
Batting: LHB Frank Young 0-0: Called Strike
0-1: Ball
1-1: Reached on error, E1 (Groundball, 15S)
Fernando Vargas to second
Batting: RHB Carlos Franco 0-0: Ball
1-0: Ball
2-0: Called Strike
2-1: Ground out 4-3 (Groundball, 4M)
Fernando Vargas to third
Frank Young to second
Batting: LHB Geoffrey Bird 0-0: Ball
1-0: Foul Ball, location: 2F
1-1: Ball
2-1: Foul Ball, location: 2F
2-2: Foul Ball, location: 2F
2-2: Strikes out looking
Bottom of the 1st over - 1 run(s), 2 hit(s), 1 error(s), 2 left on base; Missouri 0 - Stanford 1
TOP OF THE 2ND
Missouri Tigers batting - Pitching for Stanford Cardinal : RHP Daniel Carter
Batting: SHB Eric Pimentel 0-0: Foul Ball, location: 2F
0-1: Ball
1-1: Foul Ball, location: 2F
1-2: Foul Ball, location: 2F
1-2: Foul Ball, location: 2F
1-2: Ball
2-2: DOUBLE (Line Drive, 9LM)
Batting: RHB Bobby Murdock 0-0: Ball
1-0: Ground out 4-3 (Groundball, 34)
Eric Pimentel to third
Batting: RHB Rob Smith 0-0: Called Strike
0-1: Called Strike
0-2: Strikes out swinging
Batting: RHB Wilford Shaw 0-0: Ball
1-0: Foul Ball, location: 2F
1-1: Ball
Wild Pitch!
Eric Pimentel scores
2-1: Fly out, F5 (Popup, 56S)
Top of the 2nd over - 1 run(s), 1 hit(s), 0 error(s), 0 left on base; Missouri 1 - Stanford 1
BOTTOM OF THE 2ND
Stanford Cardinal batting - Pitching for Missouri Tigers : RHP Bernie Ryan
Batting: RHB Bill Hansen 0-0: Ball
1-0: Foul Ball, location: 2F
1-1: Called Strike
1-2: Ball
2-2: Strikes out swinging
Batting: LHB Roderick Delgado 0-0: Called Strike
0-1: Swinging Strike
0-2: Ball
1-2: Foul Ball, location: 2F
1-2: Ground out 3-1 (Groundball, 3L)
Batting: LHB Caleb Hall 0-0: Ball
1-0: Ball
2-0: Called Strike
2-1: Ball
3-1: Foul Ball, location: 2F
3-2: Foul Ball, location: 2F
3-2: Ground out 4-3 (Groundball, 4M)
Bottom of the 2nd over - 0 run(s), 0 hit(s), 0 error(s), 0 left on base; Missouri 1 - Stanford 1
TOP OF THE 3RD
Missouri Tigers batting - Pitching for Stanford Cardinal : RHP Daniel Carter
Batting: RHB Ken Uttley 0-0: Swinging Strike
0-1: SINGLE (Groundball, 56)
Batting: LHB Neil Rodríguez 0-0: Called Strike
0-1: Foul Ball, location: 2F
0-2: Strikes out swinging
Batting: LHB Jim Wallace 0-0: Foul Ball, location: 2F
0-1: Foul Ball, location: 2F
0-2: Strikes out looking
Batting: RHB José González 0-0: Ball
Ken Uttley is caught stealing 2nd base
Top of the 3rd over - 0 run(s), 1 hit(s), 0 error(s), 0 left on base; Missouri 1 - Stanford 1
BOTTOM OF THE 3RD
Stanford Cardinal batting - Pitching for Missouri Tigers : RHP Bernie Ryan
Batting: SHB Dave Henley 0-0: Foul Ball, location: 2F
0-1: Fly out, F6 (Popup, 6MD)
Batting: LHB Alberto Roberts 0-0: Called Strike
0-1: Ball
1-1: Ball
2-1: Ground out 4-3 (Groundball, 4M)
Batting: RHB Fernando Vargas 0-0: Ball
1-0: Called Strike
1-1: Called Strike
1-2: Foul Ball, location: 2F
1-2: Strikes out swinging
Bottom of the 3rd over - 0 run(s), 0 hit(s), 0 error(s), 0 left on base; Missouri 1 - Stanford 1
TOP OF THE 4TH
Missouri Tigers batting - Pitching for Stanford Cardinal : RHP Daniel Carter
Batting: RHB José González 0-0: Called Strike
0-1: Called Strike
0-2: Strikes out swinging
Batting: RHB George Mitchell 0-0: Swinging Strike
0-1: Foul Ball, location: 2F
0-2: Ball
1-2: Ball
2-2: Foul Ball, location: 2F
2-2: Fly out, F8 (Flyball, 8LS)
Batting: SHB Eric Pimentel 0-0: Ball
1-0: Ball
2-0: SOLO HOME RUN (Line Drive, 89XD), Distance : 374 ft
Batting: RHB Bobby Murdock 0-0: Ball
1-0: Called Strike
1-1: Swinging Strike
1-2: Ball
2-2: Foul Ball, location: 2F
2-2: Strikes out swinging
Top of the 4th over - 1 run(s), 1 hit(s), 0 error(s), 0 left on base; Missouri 2 - Stanford 1
BOTTOM OF THE 4TH
Stanford Cardinal batting - Pitching for Missouri Tigers : RHP Bernie Ryan
Batting: LHB Frank Young 0-0: Called Strike
0-1: Reached on error, E2 (Groundball, 2R)
Batting: RHB Carlos Franco 0-0: Ball
1-0: Swinging Strike
1-1: Swinging Strike
1-2: Strikes out swinging
Batting: LHB Geoffrey Bird 0-0: Called Strike
0-1: Ball
1-1: Called Strike
1-2: Ball
2-2: Ball
3-2: SINGLE (Groundball, 5D)
Frank Young to third
Runner from 3rd tries for Home, SAFE, throw made home
Geoffrey Bird to second
Batting: RHB Bill Hansen 0-0: Ball
1-0: Called Strike
1-1: Ball
2-1: Fly out, F9 (Flyball, 89S)
Batting: LHB Roderick Delgado 0-0: Called Strike
0-1: Foul Ball, location: 2F
0-2: Strikes out swinging
Bottom of the 4th over - 1 run(s), 1 hit(s), 1 error(s), 1 left on base; Missouri 2 - Stanford 2
TOP OF THE 5TH
Missouri Tigers batting - Pitching for Stanford Cardinal : RHP Daniel Carter
Batting: RHB Rob Smith 0-0: Ball
1-0: Called Strike
1-1: Ball
2-1: Called Strike
2-2: Strikes out swinging
Batting: RHB Wilford Shaw Error on foul ball, E5
0-1: Ground out 5-3 (Groundball, 56S)
Batting: RHB Ken Uttley 0-0: Fly out, F9 (Flyball, 9S)
Top of the 5th over - 0 run(s), 0 hit(s), 1 error(s), 0 left on base; Missouri 2 - Stanford 2
BOTTOM OF THE 5TH
Stanford Cardinal batting - Pitching for Missouri Tigers : RHP Bernie Ryan
Batting: LHB Caleb Hall 0-0: Called Strike
0-1: TRIPLE (Line Drive, 9M)
Batting: SHB Dave Henley 0-0: Ball
1-0: SINGLE (Flyball, 7LM)
Caleb Hall scores
Batting: LHB Alberto Roberts 0-0: Ball
Dave Henley steals 2nd base
1-0: Called Strike
1-1: Ground out 6-3 (Groundball, 6M)
Dave Henley to third
Batting: RHB Fernando Vargas 0-0: Ball
1-0: Called Strike
1-1: 2-RUN HOME RUN (Flyball, 8LXD), Distance : 392 ft
Batting: LHB Frank Young 0-0: Ball
1-0: Foul Ball, location: 2F
1-1: Ball
2-1: Ground out 6-3 (Groundball, 6)
Batting: RHB Carlos Franco 0-0: Ball
1-0: Called Strike
1-1: Swinging Strike
1-2: Foul Ball, location: 2F
1-2: Foul Ball, location: 2F
1-2: Foul Ball, location: 2F
1-2: Ball
2-2: Ground out 3-1 (Groundball, 34)
Bottom of the 5th over - 3 run(s), 3 hit(s), 0 error(s), 0 left on base; Missouri 2 - Stanford 5
TOP OF THE 6TH
Missouri Tigers batting - Pitching for Stanford Cardinal : RHP Daniel Carter
Batting: LHB Neil Rodríguez 0-0: Called Strike
0-1: Ball
1-1: Foul Ball, location: 2F
1-2: Ball
2-2: SINGLE (Groundball, 4MD)
Batting: LHB Jim Wallace 0-0: Called Strike
0-1: Ball
1-1: Foul Ball, location: 2F
1-2: Foul Ball, location: 2F
1-2: Ball
2-2: Foul Ball, location: 2F
2-2: Ball
3-2: Strikes out swinging
Pitching: RHP Devin Brown
Batting: RHB José González 0-0: Called Strike
0-1: Ball
1-1: Fly out, F7 (Line Drive, 78M)
Batting: RHB George Mitchell 0-0: Ball
1-0: Ball
2-0: Foul Ball, location: 2F
2-1: Fly out, F8 (Flyball, 8RM)
Top of the 6th over - 0 run(s), 1 hit(s), 0 error(s), 1 left on base; Missouri 2 - Stanford 5
BOTTOM OF THE 6TH
Stanford Cardinal batting - Pitching for Missouri Tigers : RHP Bernie Ryan
Pitching: RHP Ralph Marks
Batting: LHB Geoffrey Bird 0-0: Ball
1-0: Foul Ball, location: 2F
1-1: Called Strike
1-2: Foul Ball, location: 2F
1-2: Ball
2-2: Ball
3-2: DOUBLE (Line Drive, 89XD)
Batting: RHB Bill Hansen 0-0: Intentional Walk
Batting: LHB Roderick Delgado 0-0: Called Strike
0-1: Swinging Strike
0-2: Foul Ball, location: 2F
0-2: Strikes out swinging
Batting: LHB Caleb Hall 0-0: Ball
1-0: Ground out 5-3 (Groundball, 56S)
Geoffrey Bird to third
Bill Hansen to second
Batting: SHB Dave Henley 0-0: Called Strike
0-1: Ball
1-1: Foul Ball, location: 2F
1-2: Fly out, F7 (Popup, 6D)
Bottom of the 6th over - 0 run(s), 1 hit(s), 0 error(s), 2 left on base; Missouri 2 - Stanford 5
TOP OF THE 7TH
Missouri Tigers batting - Pitching for Stanford Cardinal : RHP Devin Brown
Batting: SHB Eric Pimentel 0-0: Called Strike
0-1: Foul Ball, location: 2F
0-2: Ball
1-2: Ball
2-2: Ground out U3 (Groundball, 3)
Batting: RHB Bobby Murdock 0-0: Ground out 6-3 (Groundball, 6)
Batting: RHB Rob Smith 0-0: Foul Ball, location: 2F
0-1: Ball
1-1: Called Strike
1-2: Strikes out looking
Top of the 7th over - 0 run(s), 0 hit(s), 0 error(s), 0 left on base; Missouri 2 - Stanford 5
BOTTOM OF THE 7TH
Stanford Cardinal batting - Pitching for Missouri Tigers : RHP Ralph Marks
Batting: LHB Alberto Roberts 0-0: Ball
1-0: Fly out, F7 (Flyball, 7M)
Batting: RHB Fernando Vargas 0-0: Called Strike
0-1: Called Strike
0-2: Ball
1-2: Strikes out swinging
Batting: LHB Frank Young 0-0: Ball
1-0: Called Strike
1-1: Ball
2-1: Foul Ball, location: 2F
2-2: Strikes out swinging
Bottom of the 7th over - 0 run(s), 0 hit(s), 0 error(s), 0 left on base; Missouri 2 - Stanford 5
TOP OF THE 8TH
Missouri Tigers batting - Pitching for Stanford Cardinal : RHP Devin Brown
Now at 1B: António García
Batting: RHB Wilford Shaw 0-0: Ball
1-0: Called Strike
1-1: Ball
2-1: Foul Ball, location: 2F
2-2: Strikes out swinging
Pitching: RHP Wayne Williams
Batting: RHB Ken Uttley 0-0: Called Strike
0-1: Ball
1-1: Ball
2-1: Fly out, F5 (Popup, 5SF)
Batting: LHB Neil Rodríguez 0-0: Foul Ball, location: 2F
0-1: SINGLE (Line Drive, 4M)
Batting: LHB Jim Wallace 0-0: Reached on error, E4 (Groundball, 4)
Neil Rodríguez to third
Batting: RHB José González 0-0: Ball
1-0: Ball
2-0: Ball
3-0: Called Strike
3-1: Foul Ball, location: 2F
3-2: Strikes out looking
Top of the 8th over - 0 run(s), 1 hit(s), 1 error(s), 2 left on base; Missouri 2 - Stanford 5
BOTTOM OF THE 8TH
Stanford Cardinal batting - Pitching for Missouri Tigers : RHP Ralph Marks
Pitching: RHP Johnny Jones
Batting: RHB Carlos Franco 0-0: Foul Ball, location: 2F
0-1: Ball
1-1: Ball
2-1: Ball
3-1: Base on Balls
Batting: LHB Geoffrey Bird 0-0: Bunt missed!
0-1: Ball
1-1: Sac Bunt - play at first, batter OUT! 1-4
Carlos Franco to second
Batting: RHB Bill Hansen 0-0: Intentional Walk
Batting: LHB Roderick Delgado 0-0: Ball
1-0: Fly out, F8 (Flyball, 8LM)
Batting: LHB Caleb Hall 0-0: Ball
Wild Pitch!
Carlos Franco to third
Bill Hansen to second
1-0: Fly out, F5 (Popup, 5DF)
Bottom of the 8th over - 0 run(s), 0 hit(s), 0 error(s), 2 left on base; Missouri 2 - Stanford 5
TOP OF THE 9TH
Missouri Tigers batting - Pitching for Stanford Cardinal : RHP Wayne Williams
Pitching: LHP Miguel Muñíz
Batting: RHB George Mitchell 0-0: Foul Ball, location: 2F
0-1: Swinging Strike
0-2: Ball
1-2: Strikes out looking
Batting: SHB Eric Pimentel 0-0: Ball
1-0: Foul Ball, location: 2F
1-1: Swinging Strike
1-2: Ball
2-2: Strikes out looking
Batting: RHB Bobby Murdock 0-0: Ball
1-0: Called Strike
1-1: Foul Ball, location: 2F
1-2: Foul Ball, location: 2F
1-2: Fly out, F7 (Flyball, 7D)
Top of the 9th over - 0 run(s), 0 hit(s), 0 error(s), 0 left on base; Missouri 2 - Stanford 5
This league is powered by Out of the Park Baseball, the baseball management simulation game for PC, Mac and Linux
Saturday, April 9th, 2016 - OOTP Baseball 16.8 Build 38